Workbook
Name ___sub1: #REF!
Name ___sub2: #REF!
Name ___sub3: #REF!
Name _sub1: #REF!
Name _sub2: #REF!
Name _sub3: #REF!
Name a: #REF!
Name AREA: #REF!
Name B: #REF!
Name BDI: #REF!
Name DOLAR: [1]INSUMOS!$G$8
Name ersdcefgbrnghrbgbrgfbgfwbvbfgvwfv: #REF!
Name Excel_BuiltIn_Print_Area_2: #REF!
Name Excel_BuiltIn_Print_Area_2_1: #REF!
Name Excel_BuiltIn_Print_Area_2_1_1: #REF!
Name Excel_BuiltIn_Print_Area_2_1_1_1: #REF!
Name Excel_BuiltIn_Print_Area_4: #REF!
Name leosde: #REF!
Name NCOMPOSICOES: 7
Name NCOTACOES: 15
Name obra: #REF!
Name obra1: #REF!
Name obra2: #REF!
Name obra3: #REF!
Name obra4: #REF!
Name obra5: #REF!
Name P.1: #REF!
Name P.10: #REF!
Name P.11: #REF!
Name P.12: #REF!
Name P.13: #REF!
Name P.14: #REF!
Name P.15: #REF!
Name P.2: #REF!
Name P.3: #REF!
Name P.4: #REF!
Name P.5: #REF!
Name P.6: #REF!
Name P.7: #REF!
Name P.8: #REF!
Name P.9: #REF!
Name Pedreiro_de_acabamento: [1]INSUMOS!$B$11
Name PP1.1: #REF!
Name PP1.10: #REF!
Name PP1.11: #REF!
Name PP1.12: #REF!
Name PP1.13: #REF!
Name PP1.14: #REF!
Name PP1.15: #REF!
Name PP1.2: #REF!
Name PP1.3: #REF!
Name PP1.4: #REF!
Name PP1.5: #REF!
Name PP1.6: #REF!
Name PP1.7: #REF!
Name PP1.8: #REF!
Name PP1.9: #REF!
Name T.1: #REF!
Name T.10: #REF!
Name T.11: #REF!

Sheet Planilha Orcamentária
A2: PLANILHA ORÇAMENTÁRIA DE CUSTOS
A3: PREFEITURA MUNICIPAL DE INHAPIM-MG | E3: FOLHA N º: | G3: 01/01.
A4: OBRA: PAVIMENTAÇÃO MORRO CÓRREGO DAS PALMEIRAS | E4: DATA: | G4: 45847
A5: LOCAL: CÓRREGO DAS PALMEIRAS - INHAPIM/MG - CEP: 35330-000 | E5: FORMA DE EXECUÇÃO:
A6: REGIÃO/MÊS DE REFERÊNCIA: SINAPI 08/2024 - SEM DESONERAÇÃO - SICOR 04/2024 - | E6: ( ) | F6: DIRETA | G6: ( X ) | H6: INDIRETA
A7: COMPOSIÇÃO/DEMONSTRATIVO DE BDI - EM ANEXO | E7: % ISS MUNICIPAL: | F7: 0.05 | G7: BDI: | H7: =BDI!D28 -> 0.2443
A9: ITEM | B9: CÓDIGO | C9: DESCRIÇÃO | D9: UNIDADE | E9: QUANTIDADE | F9: PREÇO UNITÁRIO S/ BDI | G9: PREÇO UNITÁRIO C/ BDI | H9: PREÇO TOTAL
A10: 1 | C10: SERVIÇOS PRELIMINARES | H10: =H11 -> 1438.65
A11: 1.1 | B11: SINAPI-103689 | C11: FORNECIMENTO E COLOCAÇÃO DE PLACA DE OBRA EM CHAPA GALVANIZADA #26, ESP. 0,45MM, DIMENSÃO (3X1,5)M, PLOTADA COM ADESIVO VINÍLICO, AFIXADA COM REBITES 4,8X40MM, EM ESTRUTURA METÁLICA DE METALON 20X20MM, ESP. 1,25MM, INCLUSIVE SUPORTE EM EUCALIPTO AUTOCLAVADO PINTADO COM TINTA PVA DUAS (2) DEMÃOS | D11: M² | E11: 1 | F11: 1156.19 | G11: =ROUND(F11+(F11*$H$7),2) -> 1438.65 | H11: =E11*G11 -> 1438.65
A12: 2 | C12: CALÇAMENTO DE VIA | G12: =ROUND(F12+(F12*$H$7),2) -> 0 | H12: =SUM(H13:H18) -> 187199.68
A13: 2.1 | B13: ED-51124 | C13: REGULARIZAÇÃO E COMPACTAÇÃO MECÂNICA DE TERRENO COM ROLO VIBRATÓRIO, EXCLUSIVE DESMATAMENTO, DESTOCAMENTO, LIMPEZA/ROÇADA DO TERRENO | D13: M2 | E13: 1140.14 | F13: 2.87 | G13: =ROUND(F13+(F13*$H$7),2) -> 3.57 | H13: =ROUND((E13*G13),2) -> 4070.3
A14: 2.2 | B14: SINAPI-94273 | C14: ASSENTAMENTO DE GUIA (MEIO-FIO) EM TRECHO RETO, CONFECCIONADA EM CONCRETO PRÉ-FABRICADO, DIMENSÕES 100X15X13X30 CM (COMPRIMENTO X BASE INFERIOR X BASE SUPERIOR X ALTURA), PARA VIAS URBANAS (USO VIÁRIO). AF_06/2016 | D14: M | E14: 318.77 | F14: 64.36 | G14: =ROUND(F14+(F14*$H$7),2) -> 80.08 | H14: =ROUND((E14*G14),2) -> 25527.1
A15: 2.3 | B15: SINAPI-92394 | C15: EXECUÇÃO DE PAVIMENTO EM PISO INTERTRAVADO, COM BLOCO SEXTAVADO DE 25 X 25 CM, ESPESSURA 8 CM. AF_10/2022 | D15: M² | E15: 987.11 | F15: 101.61 | G15: =ROUND(F15+(F15*$H$7),2) -> 126.43 | H15: =ROUND((E15*G15),2) -> 124800.32
A16: 2.4 | B16: SINAPI-94287 | C16: EXECUÇÃO DE SARJETA DE CONCRETO USINADO, MOLDADA IN LOCO EM TRECHO RETO, 30 CM BASE X 10 CM ALTURA. AF_06/2016 | D16: M | E16: 279.45 | F16: 35.36 | G16: =ROUND(F16+(F16*$H$7),2) -> 44 | H16: =ROUND((E16*G16),2) -> 12295.8
A17: 2.5 | B17: SINAPI-95429 | C17: TRANSPORTE COM CAMINHÃO BASCULANTE DE 18 M³, EM VIA URBANA EM REVESTIMENTO PRIMÁRIO. AF_07/2020 | D17: TXKM | E17: 8866.28 | F17: 1.37 | G17: =ROUND(F17+(F17*$H$7),2) -> 1.7 | H17: =ROUND((E17*G17),2) -> 15072.68
A18: 2.6 | B18: COMPOSIÇÃO-001 | C18: VIGA EM CONCRETO ARMADO (1,0M) | D18: M | E18: 36 | F18: =COMPOSIÇÃO!G11 -> 121.29719 | G18: =ROUND(F18+(F18*$H$7),2) -> 150.93 | H18: =ROUND((E18*G18),2) -> 5433.48
C19: TOTAL | H19: =SUM(H10,H12) -> 188638.33
C22: ='Memória de Cálculo'!C19 -> Sebastião Barbosa Pinto Filho
C23: ='Memória de Cálculo'!C20 -> CREA/MG Nº: MG 249.547/D
C26: Prefeito Municipal de Inhapim-MG
C27: ='Memória de Cálculo'!C25 -> Sandro Adriano Oliveira Silva

Sheet COMPOSIÇÃO
A4: ='Planilha Orcamentária'!A4 -> OBRA: PAVIMENTAÇÃO MORRO CÓRREGO DAS PALMEIRAS
A5: ='Planilha Orcamentária'!A5 -> LOCAL: CÓRREGO DAS PALMEIRAS - INHAPIM/MG - CEP: 35330-000
A6: MUNICIPIO: INHAPIM/MG - CEP: 35330-000
A7: DATA: | B7: 45847
A9: QUADRO DE COMPOSIÇÕES
A11: COMPOSIÇÃO | B11: 1 | C11: VIGA EM CONCRETO ARMADO (1,0M) | D11: M | F11: 0 | G11: =((G12*E12)+(G13*E13)+(G14*E14)+(G15*E15)+(G16*E16)) -> 121.29719
A12: SINAPI | B12: 94970 | C12: CONCRETO FCK = 20MPA, TRAÇO 1:2,7:3 (EM MASSA SECA DE CIMENTO/ AREIA MÉDIA/ BRITA 1) - PREPARO MECÂNICO COM BETONEIRA 600 L. AF_05/2021 | D12: M3 | E12: 0.063 | F12: 0 | G12: 532.08
A13: SINAPI | B13: 93358 | C13: ESCAVAÇÃO MANUAL DE VALA COM PROFUNDIDADE MENOR OU IGUAL A 1,30 M. AF_02/2021 | D13: M3 | E13: 0.063 | F13: 0 | G13: 89.55
A14: SINAPI | B14: 92802 | C14: CORTE E DOBRA DE AÇO CA-50, DIÂMETRO DE 8,0 MM. AF_06/2022 | D14: KG | E14: 2.212 | F14: 0 | G14: 9.45
A15: SINAPI | B15: 92800 | C15: CORTE E DOBRA DE AÇO CA-60, DIÂMETRO DE 5,0 MM. AF_06/2022 | D15: KG | E15: 1.078 | F15: 0 | G15: 9.65
A16: SINAPI | B16: 103796 | C16: FABRICAÇÃO, MONTAGEM E DESMONTAGEM DE FÔRMA PARA BACIA DE DISSIPAÇÃO, EM MADEIRA SERRADA, E = 25 MM, 2 UTILIZAÇÕES. AF_08/2022 | D16: M2 | E16: 0.84 | F16: 0 | G16: 60.51
A24: _________________________________
A25: Sebastião Barbosa Pinto Filho
A26: CREA/MG Nº: MG 249.547/D

Sheet Memória de Cálculo
A2: MEMÓRIA DE CÁLCULO DE QUANTITATIVOS
A3: PREFEITURA MUNICIPAL DE INHAPIM-MG
A4: ='Planilha Orcamentária'!A4 -> OBRA: PAVIMENTAÇÃO MORRO CÓRREGO DAS PALMEIRAS | E4: FOLHA N º: | F4: 01/01.
A5: ='Planilha Orcamentária'!A5 -> LOCAL: CÓRREGO DAS PALMEIRAS - INHAPIM/MG - CEP: 35330-000 | E5: DATA: | F5: 45847
A7: ITEM | B7: CÓDIGO | C7: DESCRIÇÃO | D7: UNIDADE | E7: QUANTIDADE | F7: FÓRMULA DO CÁLCULO
A8: 1 | C8: ='Planilha Orcamentária'!C10 -> SERVIÇOS PRELIMINARES
A9: 1.1 | B9: ='Planilha Orcamentária'!B11 -> SINAPI-103689 | C9: ='Planilha Orcamentária'!C11 -> FORNECIMENTO E COLOCAÇÃO DE PLACA DE OBRA EM CHAPA GALVANIZADA #26, ESP. 0,45MM, DIMENSÃO (3X1,5)M, PLOTADA COM ADESIVO VINÍLICO, AFIXADA COM REBITES 4,8X40MM, EM ESTRUTURA METÁLICA DE METALON 20X20MM, ESP. 1,25MM, INCLUSIVE SUPORTE EM EUCALIPTO AUTOCLAVADO PINTADO COM TINTA PVA DUAS (2) DEMÃOS | D9: ='Planilha Orcamentária'!D11 -> M² | E9: ='Planilha Orcamentária'!E11 -> 1 | F9: placa de obra de acordo com as exisgências do CREA-MG
A10: 2.0 | C10: ='Planilha Orcamentária'!C12 -> CALÇAMENTO DE VIA
A11: ='Planilha Orcamentária'!A13 -> 2.1 | B11: ED-51124 | C11: REGULARIZAÇÃO E COMPACTAÇÃO MECÂNICA DE TERRENO COM ROLO VIBRATÓRIO, EXCLUSIVE DESMATAMENTO, DESTOCAMENTO, LIMPEZA/ROÇADA DO TERRENO | D11: M2 | E11: 1140.14 | F11: Somatória total de acordo com o projeto = 1574,68 m
A12: ='Planilha Orcamentária'!A14 -> 2.2 | B12: ='Planilha Orcamentária'!B14 -> SINAPI-94273 | C12: ='Planilha Orcamentária'!C14 -> ASSENTAMENTO DE GUIA (MEIO-FIO) EM TRECHO RETO, CONFECCIONADA EM CONCRETO PRÉ-FABRICADO, DIMENSÕES 100X15X13X30 CM (COMPRIMENTO X BASE INFERIOR X BASE SUPERIOR X ALTURA), PARA VIAS URBANAS (USO VIÁRIO). AF_06/2016 | D12: ='Planilha Orcamentária'!D14 -> M | E12: ='Planilha Orcamentária'!E14 -> 318.77 | F12: Somatória dos meios-fios (bordas) = 318,77 m
A13: ='Planilha Orcamentária'!A15 -> 2.3 | B13: ='Planilha Orcamentária'!B15 -> SINAPI-92394 | C13: ='Planilha Orcamentária'!C15 -> EXECUÇÃO DE PAVIMENTO EM PISO INTERTRAVADO, COM BLOCO SEXTAVADO DE 25 X 25 CM, ESPESSURA 8 CM. AF_10/2022 | D13: ='Planilha Orcamentária'!D15 -> M² | E13: ='Planilha Orcamentária'!E15 -> 987.11 | F13: Conforme projeto em AutoCad = 987,11 m²
A14: ='Planilha Orcamentária'!A16 -> 2.4 | B14: ='Planilha Orcamentária'!B16 -> SINAPI-94287 | C14: ='Planilha Orcamentária'!C16 -> EXECUÇÃO DE SARJETA DE CONCRETO USINADO, MOLDADA IN LOCO EM TRECHO RETO, 30 CM BASE X 10 CM ALTURA. AF_06/2016 | D14: ='Planilha Orcamentária'!D16 -> M | E14: ='Planilha Orcamentária'!E16 -> 279.45 | F14: Somatória total de acordo com o projeto = 279,45 m
A15: ='Planilha Orcamentária'!A17 -> 2.5 | B15: ='Planilha Orcamentária'!B17 -> SINAPI-95429 | C15: ='Planilha Orcamentária'!C17 -> TRANSPORTE COM CAMINHÃO BASCULANTE DE 18 M³, EM VIA URBANA EM REVESTIMENTO PRIMÁRIO. AF_07/2020 | D15: ='Planilha Orcamentária'!D17 -> TXKM | E15: ='Planilha Orcamentária'!E17 -> 8866.28 | F15: Peso do bloquete = (Área do calçamento x espessura do bloquete x massa específica) 1000 x km; Peso do meio-fio = {[(B+b)/2xhxH] x massa específica}/1000 x km; [(987,11x0,08x2400)/1000]x40 = 8.866,28 TXKM
A16: ='Planilha Orcamentária'!A18 -> 2.6 | B16: ='Planilha Orcamentária'!B18 -> COMPOSIÇÃO-001 | C16: ='Planilha Orcamentária'!C18 -> VIGA EM CONCRETO ARMADO (1,0M) | D16: ='Planilha Orcamentária'!D18 -> M | E16: ='Planilha Orcamentária'!E18 -> 36 | F16: Somatório das vigas de travamento = 36,00 m
C19: Sebastião Barbosa Pinto Filho
C20: CREA/MG Nº: MG 249.547/D
C24: Prefeito Municipal de Inhapim-MG
C25: Sandro Adriano Oliveira Silva

Sheet Cronograma
A2: CRONOGRAMA FÍSICO-FINANCEIRO
A3: ='Planilha Orcamentária'!A3 -> PREFEITURA MUNICIPAL DE INHAPIM-MG | C3: VALOR DO CONVÊNIO: | D3: =D12 -> 188638.33 | E3: DATA: | G3: 45847 | I3: FOLHA Nº:01/01
A4: ='Planilha Orcamentária'!A4 -> OBRA: PAVIMENTAÇÃO MORRO CÓRREGO DAS PALMEIRAS | E4: PREVISÃO DE EXECUÇÃO DAS OBRAS: 3 MESES
A5: ='Planilha Orcamentária'!A5 -> LOCAL: CÓRREGO DAS PALMEIRAS - INHAPIM/MG - CEP: 35330-000
A6: ITENS | B6: ETAPAS/DESCRIÇÃO | C6: FÍSICO/ FINANCEIRO | D6: TOTAL ETAPAS | E6: MÊS 1 | G6: MÊS 2 | I6: MÊS 3 | K6: MÊS 4
A7: ='Planilha Orcamentária'!A10 -> 1 | B7: ='Planilha Orcamentária'!C10 -> SERVIÇOS PRELIMINARES | C7: Físico % | D7: =D8/$D$12 -> 0.0076264988 | E7: 1
C8: Financeiro | D8: ='Planilha Orcamentária'!H10 -> 1438.65 | E8: =E7*$D$8 -> 1438.65
A9: ='Planilha Orcamentária'!A12 -> 2 | B9: ='Planilha Orcamentária'!C12 -> CALÇAMENTO DE VIA | C9: Físico % | D9: =D10/$D$12 -> 0.9923735 | E9: 0.6 | G9: 0.2 | I9: 0.2 | K9: 0
C10: Financeiro | D10: ='Planilha Orcamentária'!H12 -> 187199.68 | E10: =E9*$D$10 -> 112319.81 | G10: =G9*$D10 -> 37439.936 | I10: =I9*$D$10 -> 37439.936 | K10: =K9*$D$10 -> 0
A11: TOTAL | C11: Físico % | D11: =D9+D7 -> 1 | E11: =E12/$D$12 -> 0.6030506 | G11: =G12/$D$12 -> 0.1984747 | I11: =I12/$D$12 -> 0.1984747 | K11: =K12/$D$12 -> 0
C12: Financeiro | D12: =D10+D8 -> 188638.33 | E12: =E8+E10 -> 113758.46 | G12: =G10 -> 37439.936 | I12: =I10 -> 37439.936 | K12: =K10 -> 0
I13: Observações:
B16: ='Memória de Cálculo'!C19 -> Sebastião Barbosa Pinto Filho | L16: =SUM(E11:J11) -> 1
B17: ='Memória de Cálculo'!C20 -> CREA/MG Nº: MG 249.547/D | L17: =SUM(E12:K12) -> 188638.33
B20: ='Memória de Cálculo'!C24 -> Prefeito Municipal de Inhapim-MG
B21: ='Memória de Cálculo'!C25 -> Sandro Adriano Oliveira Silva

Sheet Memorial Descritivo
A2: MEMORIAL DESCRITIVO
A3: PREFEITURA MUNICIPAL DE INHAPIM-MG
A4: ='Planilha Orcamentária'!A4 -> OBRA: PAVIMENTAÇÃO MORRO CÓRREGO DAS PALMEIRAS | E4: FOLHA N º: | F4: 01/01.
A5: ='Planilha Orcamentária'!A5 -> LOCAL: CÓRREGO DAS PALMEIRAS - INHAPIM/MG - CEP: 35330-000 | E5: DATA: | F5: 45847
A7: ITEM | B7: CÓDIGO | C7: DESCRIÇÃO | D7: DETALHAMENTO
A8: ='Planilha Orcamentária'!A10 -> 1 | C8: ='Planilha Orcamentária'!C10 -> SERVIÇOS PRELIMINARES
A9: ='Planilha Orcamentária'!A11 -> 1.1 | B9: ='Planilha Orcamentária'!B11 -> SINAPI-103689 | C9: ='Planilha Orcamentária'!C11 -> FORNECIMENTO E COLOCAÇÃO DE PLACA DE OBRA EM CHAPA GALVANIZADA #26, ESP. 0,45MM, DIMENSÃO (3X1,5)M, PLOTADA COM ADESIVO VINÍLICO, AFIXADA COM REBITES 4,8X40MM, EM ESTRUTURA METÁLICA DE METALON 20X20MM, ESP. 1,25MM, INCLUSIVE SUPORTE EM EUCALIPTO AUTOCLAVADO PINTADO COM TINTA PVA DUAS (2) DEMÃOS | D9: Para a execução da placa de obras a empresa ganhadora deverá atender a especificação do manual de placa de obra de acordo com a descrição e as especificações do CREA.
A10: 2.0 | C10: ='Planilha Orcamentária'!C12 -> CALÇAMENTO DE VIA
A11: ='Planilha Orcamentária'!A13 -> 2.1 | B11: ED-51124 | C11: REGULARIZAÇÃO E COMPACTAÇÃO MECÂNICA DE TERRENO COM ROLO VIBRATÓRIO, EXCLUSIVE DESMATAMENTO, DESTOCAMENTO, LIMPEZA/ROÇADA DO TERRENO | D11: Será realizada a regularização do subleito para nivelamento do solo e posteriormente a compactação do solo usando rolo vibratório para melhor coesão do solo.
A12: ='Planilha Orcamentária'!A14 -> 2.2 | B12: ='Planilha Orcamentária'!B14 -> SINAPI-94273 | C12: ='Planilha Orcamentária'!C14 -> ASSENTAMENTO DE GUIA (MEIO-FIO) EM TRECHO RETO, CONFECCIONADA EM CONCRETO PRÉ-FABRICADO, DIMENSÕES 100X15X13X30 CM (COMPRIMENTO X BASE INFERIOR X BASE SUPERIOR X ALTURA), PARA VIAS URBANAS (USO VIÁRIO). AF_06/2016 | D12: Serão locadas conforme projeto. Será realizada uma abertura de uma pequena vala de 15 cm de largura e profundidade, na qual, posteriormente serão posicionadas as guias, seguindo o alinhamento e nivelamento de projeto.
A13: ='Planilha Orcamentária'!A15 -> 2.3 | B13: ='Planilha Orcamentária'!B15 -> SINAPI-92394 | C13: ='Planilha Orcamentária'!C15 -> EXECUÇÃO DE PAVIMENTO EM PISO INTERTRAVADO, COM BLOCO SEXTAVADO DE 25 X 25 CM, ESPESSURA 8 CM. AF_10/2022 | D13: Sobre o leito da rua preparado, serão assentados os blocos de concreto sobre colchão de areia com espessura não inferior a 06cm. Após o assentamento serão rejuntados com pó de pedra ou areia e compactados com placa vibratória.
A14: ='Planilha Orcamentária'!A16 -> 2.4 | B14: ='Planilha Orcamentária'!B16 -> SINAPI-94287 | C14: ='Planilha Orcamentária'!C16 -> EXECUÇÃO DE SARJETA DE CONCRETO USINADO, MOLDADA IN LOCO EM TRECHO RETO, 30 CM BASE X 10 CM ALTURA. AF_06/2016 | D14: Serão construídas em concreto usinado e bombeado C= 20Mpa , medindo 20cm de largura e espessura de 10 cm, sobre o subleito já previamente preparado, respeitando a declividade do pavimento (i > ou = 3%), para o perfeito escoamento das águas.
A15: ='Planilha Orcamentária'!A17 -> 2.5 | B15: ='Planilha Orcamentária'!B17 -> SINAPI-95429 | C15: ='Planilha Orcamentária'!C17 -> TRANSPORTE COM CAMINHÃO BASCULANTE DE 18 M³, EM VIA URBANA EM REVESTIMENTO PRIMÁRIO. AF_07/2020 | D15: Este ítem compete ao transporte de bloquetes e meios-fios até o local da obra tendo em vista que o mesmo é distante de qualquer fábrica de pré moldado. Foi feita uma relação entre o peso dos materiais e a distância média até a fábrica mais próxima.
A16: ='Planilha Orcamentária'!A18 -> 2.6 | B16: ='Planilha Orcamentária'!B18 -> COMPOSIÇÃO-001 | C16: ='Planilha Orcamentária'!C18 -> VIGA EM CONCRETO ARMADO (1,0M) | D16: Será realizado todo o processo de escavação, armação das ferragens, montagem e desmontagem das formas e concretagem de acordo com as normas da NBR-6118.Irão abrir valas de 30 cm de profundidade e 15 de largura com o comprimento de meio-fio a meio-fio. Forma em tábuas de madeira para concreto armado, reaproveitamento 2x, incluso montagem e desmontagem. As formas deverão ser executadas em tábuas de madeira serrada de boa qualidade . As amarrações que atravessam as formas deverão ser feitas com espaçamento regular. A armadura não poderá ficar em contato direto com a fôrma, obedecendo-se para isso a distância mínima prevista na NBR-6118 e no projeto estrutural. Deverão ser empregados afastadores de armadura dos tipos "clips" plásticos ou pastilhas de argamassa.
C19: Nome do(a) Responsável Técnico(a)
C20: ='Planilha Orcamentária'!C22 -> Sebastião Barbosa Pinto Filho
C21: ='Planilha Orcamentária'!C23 -> CREA/MG Nº: MG 249.547/D
C26: Nome do(a) Prefeito(a) Municipal
C27: Márcio Elias de Lima e Santos

Sheet BDI
A4: ='Planilha Orcamentária'!A4 -> OBRA: PAVIMENTAÇÃO MORRO CÓRREGO DAS PALMEIRAS
A5: ='Planilha Orcamentária'!A5 -> LOCAL: CÓRREGO DAS PALMEIRAS - INHAPIM/MG - CEP: 35330-000
A6: MUNICIPIO: INHAPIM/MG - CEP: 35330-000
A7: DATA: | B7: 45847
B9: DETALHAMENTO DE BDI
B11: ITEM COMPONENTE DO BDI | D11: %
B12: Administração Central | C12: AC | D12: 4.67 | H12: 0.038
B13: Seguro e Garantia | C13: SG | D13: 1.71 | H13: 0.0032
B14: Risco | C14: R | D14: 0.97 | H14: 0.005
B15: Despesas Financeiras | C15: DF | D15: 1 | H15: 0.0102
B16: Lucro | C16: L | D16: 7.53 | H16: 0.0664
B17: Tibutos ( Impostos COFINS, 3% E PIS 0,65) | C17: CP | D17: 7.15 | H17: 0.0365
B18: Tributos (ISS, variável de acordo com o município) | C18: ISS | D18: 3.5 | H18: 0.025
B19: Tributos (Contribuição Previdenciária - 0% ou 4,5%, conforme Lei 12.844/2013 - Desoneração) | C19: CPRB | D19: 0 | H19: 0
A23: BDI = [((1+AC + DF+RE+GA)*(1+DF)*(1+L)) /(1-CP-ISS-CPRB)]-1
C25: BDI= | D25: 0.20090303
C28: BDI = | D28: 0.2443
A39: ___________________________ Sebastião Barbosa Pinto Filho Engenheiro Civil Crea-MG 249.547/D
